 Dungeon Crawl Stone Soup version 0.29.1-2-gbd0b4ee654 (webtiles) character file.

Game seed: 18194235377979969607

551 bullfish the Sneak (level 7, -2/55 HPs)
             Began as a Red Draconian Gladiator on Nov 14, 2022.
             Was a Believer of Uskayaw.
             Slain by a gnoll
             ... wielding a +0 spear
             ... led by a gnoll sergeant
              (4 damage)
             ... on level 5 of the Dungeon.
             The game lasted 00:13:02 (4437 turns).

bullfish the Sneak (Red Draconian Gladiator)        Turns: 4437, Time: 00:13:03

Health: -2/55      AC:  6    Str: 16    XL:     7   Next: 7%
Magic:  3/7        EV: 12    Int:  8    God:    Uskayaw [**....]
Gold:   137        SH:  0    Dex: 15    Spells: 6/6 levels left

rFire   + . .      SeeInvis .   n - +11 hammer "Suam" {vorpal, rPois rCorr}
rCold   . . .      Faith    .   (no shield)
rNeg    . . .      Spirit   .   (body armour unavailable)
rPois   +          Reflect  .   b - +0 hat
rElec   .          Harm     .   (no cloak)
rCorr   +          Rampage  .   (no gloves)
Will    .....                   (no boots)
Stlth   +++.......              (no amulet)
HPRegen 0.18/turn               (no ring)
MPRegen 0.10/turn               (no ring)

@: short of breath, studying Stealth
A: breathe fire, AC +6, unfitting armour, fire resistance 1, cold-blooded
a: Breathe Fire, Renounce Religion, Stomp, Line Pass


You were on level 5 of the Dungeon.
You worshipped Uskayaw.
Uskayaw was noncommittal.
You visited 1 branch of the dungeon, and saw 5 of its levels.

You collected 137 gold pieces.

Inventory:

Hand Weapons
 a - a +0 long sword
 h - a +0 dagger of speed
 n - the +11 hammer "Suam" (weapon) {vorpal, rPois rCorr}
   (You found it on level 2 of the Dungeon)

   It inflicts extra damage upon your enemies.
   rPois:     It protects you from poison.
   rCorr:     It protects you from acid and corrosion.
 u - a +0 dagger of flaming
 z - a +4 quarterstaff of chaos
 B - the +8 hammer of Mandamus {flame, rPois Int+2}
   (You found it on level 2 of the Dungeon)

   It burns those it strikes, dealing additional fire damage.
   Int:       It affects your intelligence (+2).
   rPois:     It protects you from poison.
 I - a +2 dagger of venom
Missiles
 c - 4 throwing nets
 d - a javelin
 g - 20 stones (quivered)
Armour
 b - a +0 hat (worn)
 q - a +0 kite shield
 A - a +0 cloak
Magical Staves
 J - a staff of fire
Jewellery
 p - a ring of resist corrosion
 H - a ring of ice
Wands
 y - a wand of flame (27)
Scrolls
 i - 2 scrolls of immolation
 m - a scroll of fear {unknown}
 o - 4 scrolls of enchant weapon
 r - a scroll of enchant armour {unknown}
 t - a scroll of amnesia {unknown}
 v - 2 scrolls of teleportation {unknown}
 x - a scroll of magic mapping {unknown}
 C - a scroll of poison {unknown}
 D - a scroll of acquirement
 F - 2 scrolls of silence {unknown}
 K - a scroll of torment {unknown}
 L - a scroll of fog {unknown}
Potions
 f - 5 potions of curing
 j - 2 potions of flight
 k - a potion of cancellation {unknown}
 l - a potion of resistance {unknown}
 s - 2 potions of degeneration {unknown}
 w - a potion of brilliance {unknown}
 E - a potion of heal wounds {unknown}
 G - 2 potions of mutation {unknown}


   Skills:
 - Level 2.1 Fighting
 - Level 3.8 Long Blades
 * Level 5.4 Maces & Flails
 - Level 1.7 Throwing
 - Level 2.6 Dodging
 + Level 6.1 Stealth


You had 6 spell levels left.
You didn't know any spells.
Your spell library was empty.

Dungeon Overview and Level Annotations

Branches:
Dungeon (5/15)
 Temple: D:4-7

Altars:
Uskayaw
The Shining One

Shops:
D:1 =   D:5 *


Innate Abilities, Weirdness & Mutations

You can breathe blasts of fire.
Your fiery red scales are hard. (AC +6)
You cannot fit into any form of body armour.
Your flesh is heat resistant. (rF+)
You are cold-blooded and may be slowed by cold attacks.


Message History

The gnoll sergeant hits the gnoll with a +0 spear of pain!
You barely miss the gnoll.
The gnoll is severely wounded.
You sock the gnoll!
You kill the gnoll!
The gnoll sergeant seems less confused.
The gnoll sergeant barely misses you.
You barely miss the gnoll. The gnoll hits you but does no damage.
The gnoll sergeant hits you from afar with a +0 spear of pain!
You writhe in agony.
The gnoll hits you from afar with a +0 spear.
The gnoll sergeant hits you with a +0 spear of pain.
You writhe in agony.
Things that are here:
a +0 spear; a gnoll corpse You sock the gnoll sergeant!
You tail-slap the gnoll sergeant, but do no damage.
The gnoll sergeant is almost dead.
The gnoll barely misses you.
The gnoll sergeant hits you with a +0 spear of pain.
You can now pass through a line of other dancers.
The gnoll sergeant blocks your attack.
The gnoll sergeant is almost dead.
The gnoll hits you from afar with a +0 spear.
* * * LOW HITPOINT WARNING * * *
The gnoll sergeant hits you with a +0 spear of pain!
* * * LOW HITPOINT WARNING * * *
The gnoll shouts!
You hit the gnoll sergeant but do no damage.
The gnoll sergeant is almost dead.
The gnoll misses you.
The gnoll sergeant hits you with a +0 spear of pain.
* * * LOW HITPOINT WARNING * * *
You writhe in agony.
* * * LOW HITPOINT WARNING * * *
The gnoll sergeant hits you with a +0 spear of pain.
* * * LOW HITPOINT WARNING * * *
You writhe in agony.
* * * LOW HITPOINT WARNING * * *
The gnoll hits you from afar with a +0 spear.
You die...

##..###.#.###.#.....#.####
##.# #.#.....#.#.#...# #..
#.#.......#.#..##
#.##.#.[.###......# ###
#..#.###.###...##.# #.g.
#.....#..........# #...g
#....g...####..###
#...g.###...#g##.####..#
#g...g#.##@##..#....#
#.(...#.##g###..>#.##
#...#...#..##)# ###.#.#
#....#.##..##.# #.#.#
#....#∩ #..##.# #.#.# #...
#. ...##.# #.#.# ##### ###
!. #..##.# #.#.# #...# ..
#.##.. ..#.###.#.# ####
###.....#.#


You could see a gnoll sergeant and 2 gnolls.

Vanquished Creatures
  2 phantoms
  A jelly (D:5)
  2 orc priests (D:4)
  Crazy Yiuf (D:2)
  A hound (D:5)
  An iguana (D:5)
  2 orc wizards
  2 gnolls (D:5)
  6 adders
  An ufetubus (D:4)
  A worm (D:2)
  3 dart slugs
  7 orcs
  6 bats
  5 endoplasms
  7 giant cockroaches
  7 goblins
  5 hobgoblins
  7 jackals
  5 kobolds
  4 quokkas
  4 ball pythons
  4 frilled lizards
  6 rats
90 creatures vanquished.

Notes
Turn   | Place    | Note
-------+----------+-------------------------------------------
     0 | D:1      | bullfish the Draconian Gladiator began the quest for the
                  | Orb.
     0 | D:1      | Reached XP level 1. HP: 17/17 MP: 1/1
   184 | D:1      | Reached XP level 2. HP: 18/24 MP: 2/2
   652 | D:1      | Identified a scroll of acquirement
   655 | D:1      | Acquired a manual of Stealth
   669 | D:1      | Found Koguusopn's Jewellery Boutique.
   787 | D:2      | Reached skill level 1 in Stealth
   853 | D:2      | Reached skill level 2 in Stealth
   853 | D:2      | Reached XP level 3. HP: 7/29 MP: 3/3
  1165 | D:2      | Reached skill level 3 in Stealth
  1463 | D:2      | Found a runed translucent door.
  1464 | D:2      | Identified the +11 hammer "Suam" {vorpal, rPois rCorr}
  1464 | D:2      | Noticed Crazy Yiuf
  1776 | D:2      | Found a faded altar of an unknown god.
  1779 | D:2      | Prayed at the altar of an unknown god.
  1779 | D:2      | Became a worshipper of Uskayaw the Reveller
  1779 | D:2      | Reached * piety under Uskayaw
  2033 | D:3      | Reached ** piety under Uskayaw
  2035 | D:3      | Reached XP level 4. HP: 36/36 MP: 4/4
  2113 | D:3      | Reached skill level 1 in Maces & Flails
  2379 | D:3      | Reached skill level 4 in Stealth
  2539 | D:2      | Identified the +8 hammer of Mandamus {flame, rPois Int+2}
  2543 | D:2      | Killed Crazy Yiuf
  2730 | D:4      | Reached XP level 5. HP: 41/41 MP: 5/5
  2824 | D:4      | Found a glowing golden altar of the Shining One.
  3302 | D:4      | Reached skill level 5 in Stealth
  3671 | D:4      | Noticed a phantom
  3679 | D:4      | Killed a phantom
  3680 | D:4      | Reached XP level 6. HP: 42/48 MP: 6/6
  3794 | D:5      | Entered Level 5 of the Dungeon
  4021 | D:5      | Reached skill level 5 in Maces & Flails
  4353 | D:5      | Reached skill level 6 in Stealth
  4353 | D:5      | Your scales start taking on a fiery red colour.
  4353 | D:5      | Reached XP level 7. HP: 54/55 MP: 7/7
  4353 | D:5      | Gained mutation: Your flesh is heat resistant. (rF+) [Red
                  | Draconian growth]
  4404 | D:5      | Found Wytihumn's Neck Hole.
  4437 | D:5      | HP: 2/55 [gnoll sergeant/+0 spear of pain (2)]
  4437 | D:5      | Slain by a gnoll

Illustrated notes

Levels and vault maps discovered:
D:1:      minmay_arrival_stone_box, layout_basic, serial_shops, shop,
          moated_statue
D:2:      layout_loops_ring, hellmonk_ecumenical_altar_inner_sanctum,
          minmay_ruptured, uniq_crazy_yiuf_cottage
D:3:      layout_rooms, guppyfry_early_lair_pool
D:4:      layout_loops_cross, tso_metal_star
D:5:      layout_basic, mainiacjoe_overflow_alcove_4,
          nicolae_shop_sticking_my_neck_out

Skill      XL: |  1  2  3  4  5  6 |
---------------+-------------------+-----
Stealth        | 2 3 4 5 6 |  6.1
Maces & Flails | 2 4 5 |  5.4
Fighting       | |  2.1
Long Blades    | |  3.8
Throwing       | |  1.7
Dodging        | |  2.6

Action                   |  1- 3 |  4- 6 |  7- 9 || total
-------------------------+-------+-------+-------++-------
Melee: Long sword        |   109 |       |       ||   109
       Tailslap          |     9 |     8 |     1 ||    18
       Punch             |     3 |     1 |       ||     4
       Mace              |     4 |    88 |    10 ||   102
Throw: Stone             |     1 |     2 |       ||     3
Invok: Line Pass         |       |     1 |     1 ||     2
 Abil: Breathe Fire      |       |       |     1 ||     1
  Use: Scroll            |     6 |     1 |       ||     7
       Potion            |     1 |       |       ||     1
 Stab: Sleeping          |     3 |     6 |       ||     9
Armor: Skin              |    50 |    22 |     4 ||    76
Dodge: Dodged            |    86 |    54 |     8 ||   148
